Map: Crête de Lerilak

Players

zidar - Winner!

  • Race: Zerg Zerg
  • League: Silver
  • Spawn Location: 11:00

Kasbe

  • Race: Terran Terran
  • League: Gold
  • Spawn Location: 1:00

VOD

Have the link to the VOD?

Description

Time

  • Played on: Feb. 9, 2016, 2:32 p.m.
  • Length: 3:45
Show
View Real Time Build Order
Export as new Build Order

zidar Zerg - Winner!

Build Orders: Hatch First 

Get SALT Encoding   

  12  0:02  Drone  
  13  0:12  Overlord  
  13  0:17  Drone  
  14  0:30  Drone x2  
  14  0:35  Drone  
  17  0:56  Hatchery  
  16  0:57  Drone  
  16  1:01  Extractor  
  16  1:02  Drone  
  17  1:18  Spawning Pool  
  17  1:21  Drone  
  17  1:27  Drone  
  18  1:33  Overlord  
  18  1:44  Drone  
  19  2:05  Queen  
  21  2:09  Zergling x4  
  21  2:10  Metabolic Boost  
  23  2:24  Zergling x4  
  23  2:25  Zergling x4  
  27  2:35  Queen  
  29  2:54  Roach Warren, Drone x2  
  29  2:57  Drone  
  31  3:24  Drone x5  
  31  3:25  Overlord  
Show
View Real Time Build Order
Export as new Build Order

Kasbe Terran 

Build Orders: Reaper Expand 

Get SALT Encoding   

  12  0:00  SCV  
  13  0:13  SCV  
  14  0:19  Supply Depot  
  14  0:25  SCV  
  15  0:41  SCV  
  15  0:42  Barracks  
  16  0:50  Refinery  
  16  0:53  SCV  
  17  1:05  SCV  
  18  1:17  SCV  
  19  1:32  Orbital Command  
  19  1:33  Supply Depot  
  19  1:38  Reaper  
  20  1:56  Command Center  
  20  1:59  SCV  
  21  2:10  Barracks  
  21  2:11  SCV  
  22  2:18  Marine  
  23  2:23  SCV  
  23  2:28  Refinery  
  24  2:35  Marine, SCV  
  26  2:42  Barracks  
  26  2:48  SCV  
  27  2:53  Marine  
  27  2:58  Barracks Reactor  
  28  3:00  SCV  
  29  3:09  Factory  
  29  3:11  Marine, Orbital Command  
  29  3:12  SCV  
  30  3:20  Bunker  
  30  3:31  Engineering Bay  
Tags
 
Add a new tag
Caveats
  • Supply blocks, unpowered buildings, or Contaminate may cause inaccurate times.
  • Supply counts are checked every 10 seconds.